Map: [ESL] Stargazers

Players

Lambo

  • Race: Zerg Zerg
  • League: Master
  • Spawn Location: 11:00

LiquidClem (Clem) - Winner!

  • Race: Terran Terran
  • Spawn Location: 1:00

Event: HomeStory Cup XXI

VOD

Have the link to the VOD?

Description

Time

  • Played on: July 24, 2022, 8:18 a.m.
  • Length: 24:14

All games in this series

Show
View Real Time Build Order
Export as new Build Order

Lambo Zerg 

Build Orders: Hatch First 

Get SALT Encoding   

  12  0:00  Drone  
  13  0:12  Overlord  
  13  0:17  Drone  
  14  0:31  Drone x2  
  16  0:49  Hatchery  
  15  0:51  Drone  
  15  0:54  Drone  
  17  0:57  Drone  
  18  1:08  Extractor  
  17  1:13  Spawning Pool  
  17  1:15  Drone  
  17  1:18  Drone  
  18  1:27  Drone  
  19  1:38  Drone  
  20  1:49  Drone  
  21  2:01  Queen x2  
  21  2:02  Zergling x4  
  27  2:12  Drone  
  27  2:13  Overlord  
  28  2:20  Hatchery  
  27  2:25  Drone  
  28  2:32  Drone x2  
  28  2:36  Drone  
  30  2:41  Queen  
  32  2:46  Overlord  
  32  2:54  Metabolic Boost  
  32  2:55  Drone x3  
  35  3:05  Drone  
  36  3:07  Queen  
  36  3:08  Drone  
  36  3:09  Drone  
  36  3:10  Drone  
  41  3:14  Drone  
  41  3:15  Drone  
  43  3:24  Overlord  
  43  3:25  Overlord  
  43  3:38  Queen x2  
  43  3:40  Drone  
  48  3:43  Drone x4  
  55  3:48  Drone x3  
  55  3:50  Drone  
  55  3:53  Drone x2  
  55  3:54  Drone  
  59  3:59  Overlord  
  59  4:03  Overlord  
  59  4:05  Drone x2  
  63  4:10  Drone  
  63  4:12  Lair  
  63  4:13  Extractor  
  61  4:17  Queen  
  61  4:19  Drone x3  
  61  4:20  Drone  
  61  4:24  Drone  
  68  4:27  Drone x2  
  68  4:28  Drone  
  71  4:32  Queen  
  71  4:37  Drone x2  
  71  4:38  Drone  
  76  4:42  Extractor  
  76  4:43  Extractor  
  74  4:48  Overlord  
  74  4:49  Drone x8  
  82  4:53  Extractor  
  82  4:54  Queen  
  82  4:55  Extractor  
  82  4:57  Overlord  
  82  5:01  Baneling Nest  
  82  5:02  Overlord  
  82  5:05  Drone  
  82  5:08  Queen, Overlord  
  82  5:13  Spire, Drone x2  
  85  5:16  Zergling x2  
  86  5:21  Zergling x4  
  86  5:24  Drone  
  89  5:29  Zergling x10  
  96  5:36  Drone x4  
  100  5:44  Overlord x2  
  100  5:45  Overlord  
  100  5:50  Hatchery  
  100  5:51  Centrifugal Hooks  
  100  5:54  Overlord  
  100  5:55  Evolution Chamber  
  100  5:56  Evolution Chamber, Overlord  
  95  5:59  Overlord  
  95  6:03  Overlord  
  95  6:04  Overlord  
  95  6:05  Zergling x2  
  96  6:12  Overlord  
  96  6:16  Overlord  
  96  6:19  Zergling x4  
  96  6:25  Mutalisk x7  
  100  6:27  Mutalisk, Zerg Flyer Weapons Level 1  
  100  6:30  Baneling x5  
  114  6:33  Baneling x5, Zergling x4  
  116  6:41  Zergling x2  
  116  6:42  Zergling x4  
  116  6:44  Zerg Ground Armor Level 1  
  119  6:47  Zergling x12  
  119  6:49  Zerg Melee Weapons Level 1  
  125  6:56  Baneling x2, Zergling x6  
  125  7:00  Zergling x2  
  128  7:02  Baneling x3  
  128  7:07  Zergling x2  
  128  7:08  Zergling x10, Baneling  
  134  7:09  Baneling, Overseer  
  131  7:28  Mutalisk x4  
  128  7:30  Drone x4  
  128  7:31  Drone x4  
  134  7:42  Queen, Drone x7  
  143  7:47  Hatchery  
  143  7:48  Mutalisk x4  
  150  7:51  Overseer  
  150  7:59  Pneumatized Carapace  
  150  8:00  Spore Crawler, Drone x2  
  150  8:01  Drone x4  
  150  8:02  Extractor  
  150  8:04  Extractor  
  153  8:08  Zergling x2  
  154  8:18  Mutalisk x3  
  160  8:20  Zergling x14  
  160  8:22  Drone  
  167  8:30  Mutalisk x2  
  167  8:32  Drone x4  
  175  8:38  Drone  
  175  8:41  Zerg Flyer Armor Level 1  
  176  8:42  Drone  
  176  8:46  Zergling x12  
  183  8:49  Baneling x7  
  183  8:58  Hatchery  
  183  9:01  Overlord  
  182  9:04  Mutalisk x3  
  182  9:09  Zergling x6  
  189  9:13  Zerg Ground Armor Level 2  
  189  9:15  Overlord  
  185  9:17  Zerg Melee Weapons Level 2  
  185  9:18  Overlord  
  185  9:21  Hatchery  
  184  9:26  Overseer  
  184  9:32  Zergling x10  
  187  9:41  Zergling x32  
  181  9:47  Mutalisk x4  
  181  9:48  Mutalisk x2  
  181  9:50  Zergling x4  
  187  9:59  Baneling x4  
  187  10:00  Baneling  
  187  10:02  Drone x9  
  196  10:13  Mutalisk x3  
  196  10:14  Mutalisk  
  190  10:16  Zergling x2  
  190  10:20  Overlord  
  192  10:25  Baneling x14  
  192  10:27  Zergling x20  
  200  10:32  Spore Crawler  
  200  10:34  Spine Crawler, Extractor  
  197  10:35  Infestation Pit  
  197  10:37  Zergling x8  
  200  10:44  Overlord  
  200  10:50  Baneling x8  
  200  11:05  Zerg Flyer Weapons Level 2  
  200  11:31  Zergling x10  
  200  11:32  Zergling x2  
  191  11:41  Hive  
  191  11:43  Zergling x16  
  191  11:44  Hatchery  
  198  11:48  Baneling x18  
  198  11:56  Spore Crawler  
  198  11:57  Spore Crawler  
  198  11:58  Spore Crawler x2  
  190  12:02  Zergling x18  
  197  12:13  Zergling x4  
  193  12:23  Mutalisk x3  
  199  12:37  Baneling x4  
  195  12:41  Zergling x26  
  196  12:47  Zergling x16  
  196  12:48  Zergling x10  
  192  12:54  Zergling x10  
  187  12:58  Adrenal Glands, Baneling  
  187  12:59  Baneling x11  
  187  13:00  Zerg Ground Armor Level 3, Zerg Melee Weapons Level 3  
  187  13:02  Ultralisk Cavern  
  186  13:08  Overseer  
  186  13:14  Zergling x28  
  186  13:15  Baneling, Overseer  
  186  13:16  Baneling x19  
  200  13:23  Extractor  
  200  13:25  Spore Crawler x2  
  197  13:30  Baneling x5  
  197  13:31  Baneling x8, Hatchery  
  197  13:33  Zergling x8  
  185  14:03  Chitinous Plating  
  185  14:04  Zergling x28  
  199  14:18  Hatchery  
  198  14:26  Zergling x8  
  195  14:38  Zergling x56  
  199  14:48  Overseer x3  
  199  14:49  Zerg Flyer Weapons Level 3  
  199  14:52  Baneling x9  
  198  14:58  Overlord x6  
  198  14:59  Drone  
  199  15:06  Baneling x14  
  199  15:13  Overseer x3  
  198  15:32  Ultralisk  
  168  15:53  Zergling x46  
  168  15:54  Zergling x22  
  200  16:07  Anabolic Synthesis  
  200  16:15  Zergling x12  
  198  16:22  Baneling x28  
  184  16:33  Zergling x2  
  184  16:34  Zergling x30  
  197  16:41  Ultralisk  
  199  16:54  Spore Crawler, Spine Crawler  
  194  16:57  Spore Crawler, Spine Crawler  
  185  17:03  Zergling x34  
  186  17:08  Zergling x20  
  169  17:18  Zergling x12  
  173  17:24  Baneling x17  
  173  17:25  Baneling x11  
  173  17:26  Baneling x14  
  171  17:30  Corruptor x7  
  171  17:35  Corruptor  
  171  17:36  Corruptor x3  
  182  17:43  Baneling x9  
  178  17:46  Zerg Flyer Armor Level 2  
  178  17:49  Drone x3  
  181  17:58  Overseer  
  181  17:59  Zergling x10  
  186  18:12  Zergling x38  
  178  18:13  Zergling x16  
  177  18:20  Pathogen Glands  
  177  18:22  Ultralisk  
  177  18:25  Baneling  
  177  18:26  Baneling x8  
  183  18:32  Zergling x4  
  183  18:47  Zergling x30  
  185  18:53  Zergling x24  
  159  18:58  Ultralisk x2  
  159  19:02  Infestor x3  
  167  19:10  Baneling x10  
  167  19:17  Overlord x2  
  167  19:30  Burrow  
  167  19:31  Overlord x2  
  167  19:34  Overseer  
  167  19:40  Viper x3  
  167  19:45  Ultralisk, Hatchery  
  181  19:56  Neural Parasite  
  181  20:02  Greater Spire  
  181  20:14  Corruptor x7  
  195  20:26  Extractor x2  
  193  20:42  Spore Crawler  
  192  20:43  Spore Crawler  
  192  20:44  Spore Crawler  
  192  20:49  Spore Crawler  
  189  20:50  Spore Crawler  
  186  21:10  Spore Crawler  
  186  21:11  Spore Crawler  
  184  21:12  Spore Crawler  
  183  21:19  Brood Lord x8  
  183  21:24  Brood Lord  
  200  21:31  Brood Lord  
  200  21:38  Spore Crawler  
  200  21:39  Spore Crawler  
  198  21:41  Spine Crawler  
  198  21:42  Spine Crawler x2  
  198  21:43  Spine Crawler  
  198  21:44  Brood Lord, Spine Crawler  
  198  21:45  Brood Lord  
  197  21:48  Overseer  
  197  21:53  Brood Lord  
  199  22:08  Spore Crawler  
  199  22:10  Brood Lord, Spore Crawler  
  174  22:42  Zergling x48  
  168  23:00  Zergling x44  
  180  23:10  Zergling x8  
  180  23:11  Zergling x4  
  180  23:12  Baneling x11  
  184  23:25  Zergling x28  
  174  23:48  Zergling x28  
  178  23:54  Zergling x4  
Show
View Real Time Build Order
Export as new Build Order

LiquidClem Terran - Winner!

Build Orders: Reaper Expand 

Get SALT Encoding   

  12  0:00  SCV  
  13  0:12  SCV  
  14  0:16  Supply Depot  
  14  0:24  SCV  
  15  0:38  SCV  
  15  0:40  Barracks  
  16  0:43  Refinery  
  16  0:50  SCV  
  17  1:02  SCV  
  18  1:14  SCV  
  19  1:26  Orbital Command, Reaper  
  20  1:39  Command Center  
  20  1:48  Supply Depot  
  20  1:52  SCV  
  21  1:58  Marine  
  22  2:05  SCV  
  23  2:12  Factory  
  23  2:17  SCV  
  23  2:20  Barracks Reactor  
  24  2:29  SCV  
  25  2:37  Command Center  
  25  2:41  SCV  
  26  2:52  Orbital Command  
  26  2:53  SCV  
  27  2:59  Barracks  
  27  3:00  Orbital Command  
  27  3:04  Barracks Tech Lab  
  27  3:06  Hellion  
  27  3:08  Hellion  
  27  3:10  SCV  
  32  3:12  Refinery  
  32  3:22  SCV, Stimpack  
  32  3:24  Marine  
  32  3:25  SCV  
  36  3:34  SCV  
  36  3:37  SCV  
  37  3:41  Marine  
  37  3:46  SCV  
  37  3:48  Starport  
  39  3:49  SCV  
  39  3:51  Orbital Command  
  39  3:52  Factory Reactor  
  39  3:53  Marine x2  
  42  3:58  SCV  
  42  4:00  Marine  
  42  4:01  SCV  
  45  4:10  SCV  
  45  4:11  Marine x2  
  45  4:13  SCV  
  45  4:14  Orbital Command  
  50  4:18  Marine  
  50  4:22  SCV  
  51  4:25  SCV  
  51  4:29  Marine x2  
  51  4:30  Supply Depot  
  54  4:34  Medivac, SCV, Factory Reactor  
  54  4:36  Marine  
  54  4:37  Medivac  
  60  4:39  SCV  
  60  4:43  Supply Depot  
  61  4:48  Refinery  
  61  4:50  Refinery  
  61  4:51  Engineering Bay x2  
  61  5:02  SCV x3, Marine x3  
  61  5:03  Supply Depot, Combat Shield, Barracks  
  67  5:14  SCV x3  
  67  5:20  Marine x2  
  72  5:21  Barracks  
  72  5:22  Terran Infantry Weapons Level 1  
  72  5:23  Barracks  
  72  5:24  Terran Infantry Armor Level 1  
  72  5:25  Marine  
  72  5:26  SCV x3  
  76  5:36  Medivac  
  76  5:38  Marine  
  76  5:39  SCV  
  76  5:40  Widow Mine x2  
  76  5:42  SCV, Supply Depot  
  85  5:43  Supply Depot  
  85  5:51  Barracks Reactor  
  85  5:57  Supply Depot  
  85  6:04  Medivac, SCV x3, Armory, Marine x2  
  92  6:06  Supply Depot, Marine  
  92  6:09  Widow Mine  
  92  6:10  Widow Mine  
  97  6:15  Barracks Reactor x2  
  97  6:16  SCV x2  
  99  6:18  Supply Depot  
  99  6:19  SCV  
  99  6:21  Marine x2  
  99  6:24  Marine  
  99  6:25  Refinery  
  103  6:28  Marine x2  
  103  6:30  Medivac  
  103  6:32  SCV  
  108  6:36  SCV x2, Supply Depot  
  108  6:39  Marine  
  111  6:40  Marine  
  111  6:42  Marine  
  111  6:44  SCV  
  114  6:48  SCV  
  114  6:49  SCV  
  114  6:51  Factory  
  114  6:53  Supply Depot  
  114  6:54  Missile Turret, Marine  
  117  6:56  SCV, Marine  
  117  7:00  Marine x3  
  122  7:02  Medivac  
  122  7:07  Medivac  
  126  7:09  Terran Vehicle And Ship Armor Level 1  
  126  7:12  Widow Mine  
  126  7:13  Supply Depot  
  126  7:14  Widow Mine  
  130  7:18  Marine x2  
  130  7:19  Marine x3  
  126  7:23  Marine  
  126  7:25  Marine  
  126  7:26  Marine  
  130  7:33  Widow Mine  
  130  7:35  Factory Tech Lab, Widow Mine  
  131  7:41  Marine x3  
  131  7:42  Marine  
  131  7:43  Marine  
  136  7:45  Command Center  
  136  7:50  Marine x3  
  136  7:51  Marine, Supply Depot  
  139  7:55  Terran Infantry Weapons Level 2  
  140  7:58  Drilling Claws, Marine  
  140  7:59  Marine  
  140  8:01  Missile Turret  
  140  8:03  Missile Turret  
  142  8:07  Widow Mine x2  
  142  8:11  Terran Infantry Armor Level 2  
  146  8:16  Thor  
  152  8:20  Missile Turret  
  152  8:23  Supply Depot  
  152  8:24  SCV x2  
  152  8:25  SCV  
  155  8:29  Marine  
  155  8:31  Supply Depot  
  154  8:35  Marine x2  
  154  8:36  SCV x2, Marine  
  157  8:41  Supply Depot  
  157  8:44  Marine x2, Widow Mine x2  
  157  8:47  Marine  
  164  8:48  Supply Depot  
  164  8:49  Missile Turret  
  164  8:52  Missile Turret  
  164  8:54  Marine x3  
  165  8:55  Marine  
  165  8:58  Planetary Fortress  
  165  9:00  Marine x2  
  165  9:02  Marine x2  
  168  9:03  SCV  
  168  9:04  Marine  
  163  9:12  Thor, Marine x3  
  163  9:13  Marine, Widow Mine x2  
  177  9:17  Marine  
  177  9:18  Sensor Tower  
  177  9:19  Marine  
  177  9:21  SCV  
  177  9:22  SCV  
  181  9:26  SCV  
  182  9:31  Barracks x2  
  182  9:35  Marine  
  182  9:37  Barracks  
  183  9:40  Widow Mine  
  183  9:44  Widow Mine  
  183  9:45  Marine  
  172  9:46  Marine  
  172  9:47  Marine x4  
  172  9:49  Marine x2  
  172  9:51  Refinery, SCV x2  
  172  9:52  Sensor Tower  
  173  9:55  Marine, Terran Vehicle Weapons Level 1  
  172  10:01  Thor  
  172  10:03  Marine  
  172  10:04  Marine  
  172  10:05  Marine x4  
  172  10:07  Marine x2  
  184  10:10  SCV  
  184  10:11  SCV x2  
  184  10:13  Marine  
  188  10:14  SCV  
  188  10:21  Marine  
  168  10:22  SCV, Marine  
  168  10:23  Marine x4  
  168  10:24  Marine  
  169  10:29  Missile Turret x2  
  169  10:30  SCV  
  169  10:33  Marine x2  
  172  10:36  Barracks Tech Lab x3  
  172  10:38  SCV x2  
  170  10:43  Terran Infantry Weapons Level 3  
  170  10:45  Marine  
  170  10:48  Widow Mine  
  170  10:49  Widow Mine  
  175  10:51  Terran Infantry Armor Level 3  
  175  10:57  Thor  
  181  11:06  Command Center  
  181  11:07  Marine  
  181  11:09  Marine  
  183  11:14  Widow Mine x2  
  183  11:16  Marine x2  
  189  11:18  Marine  
  189  11:19  Marine  
  189  11:20  Marine  
  189  11:24  Marauder x2  
  196  11:26  Marauder x2  
  196  11:28  Command Center  
  196  11:32  Marine  
  192  11:35  Marine  
  192  11:36  Medivac  
  192  11:38  Marine x3  
  193  11:41  Marine  
  193  11:44  Marine x2  
  193  11:45  Marauder x2  
  193  11:47  Ghost Academy  
  200  11:51  Missile Turret x2  
  200  11:52  Missile Turret  
  200  11:53  Missile Turret  
  200  11:58  Marine  
  200  11:59  SCV  
  197  12:09  SCV  
  197  12:11  Marine x2  
  197  12:13  Widow Mine x2  
  199  12:16  Marine  
  199  12:24  Terran Vehicle And Ship Armor Level 2  
  199  12:36  Marine, Marauder x2  
  200  12:41  Marauder  
  200  12:42  Missile Turret  
  200  12:43  Thor  
  196  12:45  Widow Mine  
  196  12:46  Marine, Marauder  
  184  12:51  Widow Mine  
  184  12:53  Marine x6, Medivac x2  
  184  12:54  Marine  
  184  12:57  Orbital Command, Marine  
  182  13:00  Sensor Tower, Planetary Fortress  
  182  13:01  SCV  
  182  13:04  Marine  
  184  13:06  Widow Mine  
  184  13:07  Marine x2  
  184  13:08  Missile Turret  
  184  13:09  Ghost  
  184  13:10  Missile Turret  
  186  13:13  SCV  
  186  13:15  Ghost  
  186  13:16  SCV x2  
  186  13:17  SCV  
  192  13:20  Marine x2  
  192  13:21  Marine x2  
  192  13:22  Marine  
  192  13:23  Marine  
  192  13:24  Ghost  
  200  13:28  Neosteel Armor, Hi-Sec Auto Tracking  
  200  13:33  Factory, Armory  
  200  13:40  Marine x2  
  198  13:41  Medivac  
  198  13:45  Marine  
  200  13:53  Marine  
  196  13:56  Marauder  
  196  13:58  Marine x2, Marauder  
  196  13:59  Missile Turret  
  196  14:01  Command Center  
  198  14:04  Widow Mine  
  200  14:14  Refinery  
  200  14:15  Refinery  
  200  14:17  Command Center  
  199  14:26  Medivac x2  
  199  14:29  Widow Mine  
  199  14:30  Marine, Marauder  
  197  14:32  Marine x2  
  197  14:33  Marine x5  
  158  14:39  Factory Tech Lab, Widow Mine  
  158  14:40  Thor, Marine x2  
  158  14:41  Marine  
  162  14:47  Marine  
  162  14:49  Terran Vehicle Weapons Level 2  
  162  14:50  Ghost, Marine x2  
  162  14:51  SCV, Marine  
  169  14:53  SCV  
  169  14:58  Ghost, Marine x2  
  174  15:01  Widow Mine  
  174  15:02  Thor  
  174  15:04  Widow Mine  
  174  15:06  Marine x2  
  186  15:07  Marine x2  
  186  15:08  Marine x2  
  186  15:11  Marine x2  
  192  15:16  Marine x2  
  192  15:20  Terran Vehicle And Ship Armor Level 3, Marauder  
  196  15:24  Marine x2  
  196  15:25  Ghost  
  198  15:40  Widow Mine  
  187  15:50  Marine  
  187  15:52  Command Center  
  187  15:53  Marine, Marauder  
  187  15:55  Marine  
  187  15:56  Marauder  
  194  15:59  Siege Tank x2  
  194  16:00  Marauder  
  200  16:11  Personal Cloaking  
  200  16:12  Missile Turret, Sensor Tower  
  200  16:13  Missile Turret, Marine  
  200  16:14  Missile Turret, Marauder  
  200  16:15  Marine  
  200  16:16  Marauder  
  190  16:22  Hellion x2  
  190  16:25  Infernal Pre-Igniter  
  194  16:27  Ghost, Marine x3  
  190  16:33  Missile Turret, SCV, Marine  
  190  16:34  Marine  
  190  16:36  SCV  
  190  16:38  Siege Tank x2  
  193  16:45  Ghost  
  194  16:52  Refinery  
  194  16:53  Refinery  
  194  16:59  Hellbat x2  
  196  17:01  Ghost  
  196  17:02  Marine x2  
  196  17:04  Ghost  
  196  17:08  Ghost  
  194  17:09  Marine  
  194  17:10  Marine  
  194  17:11  Marine  
  194  17:14  Ghost, Marine  
  185  17:18  Command Center  
  185  17:22  Marine  
  184  17:27  Marine  
  184  17:28  Marine x2  
  187  17:30  SCV, Marauder  
  187  17:34  Marauder  
  187  17:35  SCV  
  191  17:37  Ghost  
  191  17:40  Sensor Tower  
  191  17:41  Refinery  
  194  17:50  Missile Turret, Marine, Marauder  
  194  17:51  Marine, Sensor Tower  
  197  17:58  Hellbat  
  199  18:02  Terran Vehicle Weapons Level 3  
  199  18:11  Marauder  
  195  18:13  Marine  
  195  18:16  Ghost  
  195  18:17  Marine x2  
  194  18:21  Ghost  
  194  18:24  Ghost  
  198  18:28  Hellbat  
  200  18:39  Ghost  
  195  18:46  Marine  
  186  18:53  Marine  
  155  18:56  Marine  
  155  19:01  Hellbat  
  155  19:02  Siege Tank x2, Planetary Fortress  
  166  19:03  Hellbat  
  166  19:05  Ghost  
  166  19:07  Marine x2  
  170  19:15  Ghost  
  172  19:17  Command Center  
  172  19:23  Missile Turret  
  172  19:24  Missile Turret  
  172  19:26  Hellbat x2  
  176  19:34  Medivac x2  
  180  19:40  Siege Tank x2  
  180  19:42  Marine  
  180  19:43  Marine  
  188  20:03  Hellbat x2  
  188  20:04  Medivac x2  
  196  20:09  Command Center  
  196  20:22  Siege Tank, Sensor Tower  
  196  20:24  Missile Turret x2  
  196  20:25  Marine  
  200  20:28  Missile Turret  
  200  20:50  Refinery, Missile Turret  
  200  20:54  Sensor Tower  
  200  20:56  Missile Turret  
  200  21:03  Command Center  
  200  21:06  Missile Turret  
  200  21:17  Planetary Fortress  
  200  21:32  Refinery  
  200  21:40  Enhanced Shockwaves  
  200  21:50  Missile Turret  
  198  22:22  Ghost  
  186  22:31  Medivac  
  186  22:32  Medivac  
  186  22:34  Thor x2  
  186  22:35  Hellbat x2  
  186  22:36  Ghost  
  185  22:38  Ghost  
  177  22:46  Ghost  
  170  22:52  Ghost  
  164  23:02  Marine x2  
  164  23:05  Ghost, Hellbat x2  
  167  23:07  Ghost  
  167  23:11  Viking x2, Marine  
  171  23:14  Marine x2  
  171  23:15  Ghost, Marine  
  171  23:17  Orbital Command  
  171  23:19  Thor  
  176  23:20  Ghost, Thor  
  186  23:31  Marine x2  
  186  23:32  Marine  
  186  23:33  Ghost  
  184  23:35  Ghost  
  184  23:39  Marine  
  184  23:43  Ghost  
  184  23:54  Marine  
  184  23:55  Marine x3  
Tags
 
Add a new tag
Caveats
  • Supply blocks, unpowered buildings, or Contaminate may cause inaccurate times.
  • Supply counts are checked every 10 seconds.